 Dungeon Crawl Stone Soup version 0.25-a0-614-g73ad250637 (webtiles) character file.

Game seed: 16536535741858397661, levelgen mode: deterministic

46 kae the Insei (level 3, -1/29 HPs)
             Began as a Demonspawn Monk on Mar 17, 2020.
             Slain by an orc
             ... wielding a +4 hand axe
              (7 damage)
             ... on level 3 of the Dungeon.
             The game lasted 00:01:44 (1965 turns).

kae the Insei (Demonspawn Monk)                     Turns: 1965, Time: 00:01:44

Health: -1/29      AC:  6    Str: 12    XL:     3   Next: 46%
Magic:  3/3        EV: 13    Int:  6    God:
Gold:   69         SH:  0    Dex: 15    Spells: 2/2 levels left

rFire    + . .     SeeInvis .     - Unarmed
rCold    . . .     Gourm    .   (no shield)
rNeg     . . .     Faith    .   a - +0 robe
rPois    .         Spirit   .   (no helmet)
rElec    .         Reflect  .   h - +1 cloak
rCorr    .         Harm     .   (no gloves)
MR       .....                  (no boots)
Stlth    ++........             (no amulet)
HPRegen  0.09/turn              c - -5 ring of intelligence (curse)
MPRegen  0.08/turn              l - ring of protection from fire

@: brilliant
A: yellow scales 1
a: no special abilities


You were on level 3 of the Dungeon.
You were not hungry.

You visited 1 branch of the dungeon, and saw 3 of its levels.

You collected 69 gold pieces.

Inventory:

Armour
 a - a +0 robe (worn)
 h - a +1 cloak (worn)
Jewellery
 c - a cursed -5 ring of intelligence (left hand)
 f - an uncursed ring of see invisible
 l - a ring of protection from fire (right hand)
Scrolls
 d - 2 scrolls of identify
 e - a scroll of teleportation {unknown}
 i - a scroll of enchant weapon
 j - a scroll of fear {unknown}
 k - a scroll of remove curse {unknown}
Potions
 g - a potion of berserk rage
 m - a potion of magic
Comestibles
 b - 6 rations


   Skills:
 + Level 3.5 Fighting
 - Level 2.6 Dodging
 - Level 1.7 Stealth
 * Level 3.7 Unarmed Combat


You had 2 spell levels left.
You didn't know any spells.
Your spell library contained the following spells:

 Spells                   Type           Power        Failure   Level  Hunger
 Beastly Appendage        Tmut           #.....       45%         1    None
 Sticks to Snakes         Tmut           #.......     58%         2    None
 Spider Form              Tmut/Pois      #.........   83%         3    None
 Ice Form                 Ice/Tmut       #.......     99%         4    None
 Blade Hands              Tmut           #.........   100%        5    None


Dungeon Overview and Level Annotations

Branches:
Dungeon (3/15)

Altars:


Innate Abilities, Weirdness & Mutations

You are partially covered in yellow scales. (AC +2)


Message History

You hit the orc.
You kill the orc!
You barely miss the orc. The orc misses you.
You hit the orc but do no damage. The orc hits you with a +4 hand axe.
You hit the orc. Your punch misses the orc.
The orc is heavily wounded.
The orc closely misses you.
You hit the orc. Your punch misses the orc.
The orc is severely wounded.
The orc hits you with a +4 hand axe.
* * * LOW HITPOINT WARNING * * *
You barely miss the orc.
The orc is severely wounded.
You completely miss the orc.
The orc is severely wounded.
The orc barely misses you.
It was a potion of brilliance.
You feel clever all of a sudden. The orc hits you with a +4 hand axe!
You die...

#.# #.# .o.
#r# #o# #o#
#o# #
###@###(##.>
#.).........
#.#.<.......
#.###.......
# .#.#...
.#.# .. .. #
.. ..#


You could see 4 orcs and a rat.

Vanquished Creatures
  An adder (D:2)
  2 leopard geckos (D:1)
  An orc (D:3)
  3 giant cockroaches
  5 goblins
  3 hobgoblins (D:1)
  3 jackals (D:2)
  A quokka (D:2)
  2 ball pythons (D:1)
  3 bats (D:1)
  A frilled lizard (D:1)
  2 kobolds
  4 rats (D:1)
31 creatures vanquished.

Notes
Turn   | Place    | Note
-------+----------+-------------------------------------------
     0 | D:1      | kae the Demonspawn Monk began the quest for the Orb.
     0 | D:1      | Reached XP level 1. HP: 18/18 MP: 1/1
   470 | D:1      | Gained mutation: You are partially covered in yellow
                  | scales. (AC +2) [demonic ancestry]
   470 | D:1      | Reached XP level 2. HP: 14/24 MP: 2/2
  1525 | D:2      | Reached XP level 3. HP: 28/29 MP: 3/3
  1965 | D:3      | Slain by an orc

Levels and vault maps discovered:
D:1:      lightli_arrival_flooded_house, layout_basic, serial_forest,
          infiniplex_forest_lined_2, infiniplex_forest_straight_3,
          infiniplex_forest_straight_4, infiniplex_forest_straight_3,
          infiniplex_forest_lined_3, infiniplex_forest_end_1,
          infiniplex_forest_lined_2, infiniplex_forest_corner_1,
          infiniplex_forest_clump_medium
D:2:      layout_rooms
D:3:      layout_loops_ring, nemelex_xobeh_ov_fountains_minmay,
          cheibriados_altar_1, first_ration

Skill      XL: |  1 |
---------------+----+-----
Unarmed Combat | 3 |  3.7
Fighting       | |  3.5
Dodging        | |  2.6
Stealth        | |  1.7

Action                   || total
-------------------------++-------
Melee: Unarmed           ||   143
       Punch             ||     1
  Use: Scroll            ||     6
       Potion            ||     1
 Stab: Sleeping          ||     4
  Eat: Chunk             ||     3
Armor: Robe              ||    37
Dodge: Dodged            ||   101

Table legend:
 A = Non-vault XP
 B = Vault XP
 C = Vault XP percentage of total XP
 D = Non-vault monster count
 E = Vault monster count
 F = Vault count percentage of total count
                 A         B        C        D         E       F
            +---------+---------+-------+---------+---------+-------
      Total |      67 |       0 |   0.0 |      31 |       0 |   0.0
            +---------+---------+-------+---------+---------+-------
        D:1 |      36 |       0 |   0.0 |      21 |       0 |   0.0
        D:2 |      26 |       0 |   0.0 |       8 |       0 |   0.0
        D:3 |       5 |       0 |   0.0 |       2 |       0 |   0.0
            +---------+---------+-------+---------+---------+-------
